Map: Persephone LE

Players

LiquidElazer (Elazer)

  • Race: Zerg Zerg
  • Spawn Location: 7:00

Remarcable (uThermal) - Winner!

  • Race: Terran Terran
  • League: Grandmaster
  • Spawn Location: 11:00

Event: HomeStory Cup XXVII

VOD

Have the link to the VOD?

Description

Time

  • Played on: June 28, 2025, 7:29 a.m.
  • Length: 8:36

All games in this series

Show
View Real Time Build Order
Export as new Build Order

LiquidElazer Zerg 

Build Orders: Hatch First 

Get SALT Encoding   

  12  0:00  Drone  
  13  0:07  Drone  
  14  0:29  Hatchery  
  14  0:33  Drone  
  14  0:40  Overlord  
  14  0:57  Spawning Pool  
  14  1:00  Drone  
  15  1:04  Drone  
  15  1:08  Drone  
  16  1:12  Drone  
  17  1:22  Drone  
  18  1:33  Drone  
  19  1:44  Queen x2  
  19  1:46  Drone  
  24  1:48  Drone  
  24  1:53  Drone  
  24  1:54  Drone  
  27  2:02  Extractor  
  27  2:04  Roach Warren  
  27  2:07  Drone  
  27  2:08  Drone  
  28  2:15  Drone  
  28  2:16  Overlord  
  28  2:36  Queen  
  30  2:38  Overlord  
  30  2:39  Drone  
  30  2:43  Spore Crawler  
  30  2:49  Overlord  
  30  2:50  Roach x2  
  35  2:58  Roach  
  35  3:04  Drone x5  
  42  3:09  Overlord  
  42  3:10  Roach  
  44  3:19  Drone  
  45  3:21  Drone  
  46  3:37  Queen  
  46  3:38  Ravager, Extractor, Queen  
  46  3:39  Overlord  
  50  3:47  Roach  
  52  3:51  Drone x5  
  57  3:58  Roach  
  55  4:11  Drone x5  
  55  4:12  Drone  
  61  4:23  Roach x2  
  65  4:29  Ravager  
  66  4:35  Extractor  
  66  4:36  Drone x2, Hatchery, Extractor  
  65  4:46  Drone x3  
  65  4:48  Metabolic Boost  
  65  4:49  Overlord  
  65  4:52  Overlord  
  68  5:05  Overlord  
  68  5:12  Roach x5  
  78  5:23  Ravager  
  78  5:24  Roach  
  78  5:27  Overlord  
  79  5:29  Roach x2  
  77  5:41  Roach x5  
  87  5:53  Roach x3  
  93  5:57  Ravager  
  93  6:01  Roach x3  
  100  6:07  Roach x2  
  100  6:09  Roach  
  100  6:10  Overlord x3  
  106  6:14  Hatchery  
  106  6:17  Ravager  
  106  6:27  Overlord  
  106  6:31  Ravager  
  106  6:32  Ravager  
  108  6:37  Zergling x24, Ravager  
  121  6:43  Ravager  
  121  6:45  Zergling x6  
  125  6:50  Ravager  
  125  6:51  Zergling x2  
  127  7:03  Zergling x20  
  127  7:07  Ravager x2  
  137  7:11  Zergling x2  
  131  7:22  Zergling x4  
  108  7:23  Zergling x4  
  92  7:35  Roach x6  
  80  7:40  Roach  
  80  7:41  Roach x3  
  76  7:44  Roach  
  76  7:46  Roach  
  76  7:49  Roach  
  82  7:53  Roach  
  82  7:56  Roach  
  82  7:58  Zergling x2  
  87  8:05  Zergling x8  
  87  8:07  Zergling x2, Roach  
  87  8:11  Zergling x4  
  79  8:16  Zergling x4  
  79  8:18  Ravager  
  79  8:19  Zergling x2  
Show
View Real Time Build Order
Export as new Build Order

Remarcable Terran - Winner!

Build Orders:  

Get SALT Encoding   

  12  0:00  SCV  
  13  0:12  SCV  
  14  0:18  Supply Depot  
  14  0:24  SCV  
  15  0:39  SCV  
  15  0:40  Barracks  
  16  0:44  Refinery  
  16  0:52  SCV  
  17  1:00  Barracks  
  17  1:04  SCV  
  18  1:16  SCV  
  19  1:27  Reaper  
  19  1:28  Orbital Command  
  20  1:36  Barracks  
  20  1:42  Refinery  
  20  1:47  Reaper  
  20  1:53  Supply Depot  
  21  1:57  SCV  
  22  2:03  Reaper  
  23  2:15  SCV  
  24  2:17  Supply Depot  
  24  2:19  Reaper  
  25  2:26  Reaper  
  25  2:27  SCV  
  27  2:36  Reaper  
  28  2:39  SCV  
  29  2:51  Reaper  
  29  2:54  Command Center  
  29  2:56  SCV  
  29  2:58  Reaper  
  32  3:08  Reaper  
  32  3:10  SCV  
  32  3:12  Supply Depot  
  34  3:22  Engineering Bay, SCV  
  34  3:24  Reaper  
  36  3:32  Supply Depot  
  36  3:36  Reaper  
  37  3:42  Barracks  
  37  3:43  Reaper  
  38  3:51  SCV  
  39  3:56  Reaper  
  38  4:03  SCV  
  38  4:08  Reaper  
  38  4:12  Orbital Command  
  38  4:15  Reaper, SCV  
  38  4:16  Refinery  
  38  4:19  Terran Infantry Weapons Level 1  
  38  4:27  Barracks  
  38  4:29  Reaper  
  39  4:31  SCV  
  39  4:37  Reaper, SCV  
  42  4:43  SCV  
  42  4:44  Reaper  
  44  4:49  Reaper, SCV  
  46  4:53  Refinery  
  46  4:55  SCV  
  46  4:59  Barracks  
  47  5:01  Reaper, SCV  
  49  5:08  SCV  
  49  5:09  Reaper  
  49  5:13  SCV  
  52  5:15  Reaper  
  52  5:16  Reaper  
  52  5:20  SCV  
  55  5:25  Barracks, Reaper, SCV  
  55  5:27  Barracks  
  56  5:32  SCV  
  56  5:33  Reaper  
  57  5:38  SCV  
  57  5:41  Reaper  
  56  5:44  SCV  
  56  5:47  Reaper  
  56  5:49  Reaper  
  59  5:50  SCV  
  59  5:54  Reaper  
  59  5:55  Supply Depot  
  59  5:56  Supply Depot, SCV  
  62  5:58  Reaper  
  62  6:02  SCV  
  64  6:05  Reaper  
  64  6:06  Supply Depot  
  64  6:08  SCV  
  66  6:13  Reaper  
  66  6:14  SCV  
  68  6:19  Reaper  
  68  6:20  SCV  
  68  6:24  Reaper  
  68  6:25  Reaper x2  
  73  6:26  SCV  
  73  6:28  Command Center  
  73  6:32  SCV  
  75  6:33  Reaper  
  75  6:36  Reaper  
  75  6:38  SCV  
  75  6:39  Reaper  
  78  6:44  SCV  
  78  6:45  Reaper  
  80  6:51  Supply Depot, Reaper, SCV  
  82  6:56  Reaper, SCV  
  82  6:57  Reaper  
  82  6:58  Reaper  
  85  7:03  SCV  
  85  7:05  Reaper  
  87  7:09  Reaper, SCV  
  87  7:15  SCV  
  87  7:16  Reaper  
  87  7:17  Reaper  
  87  7:21  SCV  
  72  7:23  Reaper  
  72  7:27  SCV  
  72  7:28  Reaper  
  61  7:33  SCV  
  61  7:36  Reaper  
  56  7:39  SCV  
  56  7:41  Reaper  
  56  7:45  SCV  
  56  7:48  Reaper  
  58  7:51  SCV  
  58  7:55  Reaper  
  58  7:57  SCV  
  61  8:03  SCV  
  61  8:09  SCV  
  60  8:15  SCV  
  60  8:17  SCV  
  63  8:21  SCV  
Tags
 
Add a new tag
Caveats
  • Supply blocks, unpowered buildings, or Contaminate may cause inaccurate times.
  • Supply counts are checked every 10 seconds.